 Dungeon Crawl Stone Soup version 0.30-a0-1094-g860fb061e7 (webtiles) character file.

Game seed: 15463267606134236700

92864 lesbiats the Brawler (level 15, -10/154 HPs)
             Began as a Troll Fighter on Apr 17, 2023.
             Was the Champion of Wu Jian.
             Mangled by a shock serpent (13 damage)
             ... on level 1 of the Snake Pit on Apr 18, 2023.
             The game lasted 01:37:50 (21042 turns).

lesbiats the Brawler (Troll Fighter)               Turns: 21042, Time: 01:37:51

Health: -10/154    AC:  6    Str: 33    XL:     15   Next: 59%
Magic:  23/23      EV: 17    Int: 10    God:    Wu Jian [******]
Gold:   1827       SH: 12    Dex: 11    Spells: 14/14 levels left

rFire   + . .      SeeInvis +      - Unarmed
rCold   x . .      Faith    .    b - +0 kite shield
rNeg    . . .      Spirit   .    W - +1 robe {rF+}
rPois   .          Reflect  .    L - +1 hat
rElec   .          Rampage  .    e - scarf {repulsion}
rCorr   .                        (gloves unavailable)
Will    +++..                    (boots unavailable)
Stlth   +                        y - amulet of the acrobat
HPRegen 1.25/turn                F - ring of Visootit {rC- EV+5 Str+3 SInv}
MPRegen 0.18/turn                Y - ring of Hikhlu {Will++ MP+9 Str+2 Dex+2}

@: repel missiles
A: large, unfitting armour, claws 3, regeneration 1, shaggy fur 1, tough skin 1
a: Renounce Religion, Wall Jump, Serpent's Lash, Heavenly Storm


You were on level 1 of the Snake Pit.
You worshipped Wu Jian.
Wu Jian was exalted by your worship.
You visited 5 branches of the dungeon, and saw 22 of its levels.
You also visited: Sewer, Gauntlet and Volcano.

You collected 2938 gold pieces.
You spent 1111 gold pieces at shops.

Inventory:

Missiles
 a - 3 silver boomerangs
 q - 19 boomerangs (quivered)
 A - 8 atropa-tipped darts
 N - 25 poisoned darts
 P - 5 curare-tipped darts
 Q - 5 silver javelins
Armour
 b - a +0 kite shield (worn)
 e - a scarf of repulsion (worn)
 L - a +1 hat (worn)
 W - a +1 robe of fire resistance (worn)
Jewellery
 y - an amulet of the acrobat (around neck)
 E - a ring of fire
 F - the ring of Visootit (left claw) {rC- EV+5 Str+3 SInv}
   (You found it in a Gauntlet)

   [ring of evasion]

   EV:        It affects your evasion (+5).
   Str:       It affects your strength (+3).
   rC:        It makes you vulnerable to cold.
   SInv:      It lets you see invisible.
 O - a ring of ice
 Y - the ring of Hikhlu (right claw) {Will++ MP+9 Str+2 Dex+2}
   (You found it on level 5 of the Lair of Beasts)

   [ring of magical power]

   Str:       It affects your strength (+2).
   Dex:       It affects your dexterity (+2).
   MP:        It affects your magic capacity (+9).
   Will:      It greatly increases your willpower.
Wands
 s - a wand of digging (5)
 C - a wand of polymorph (27)
 D - a wand of roots (24)
 K - a wand of flame (54)
 S - a wand of charming (14)
 T - a wand of mindburst (16)
 X - a wand of light (4)
Scrolls
 d - 6 scrolls of fog
 f - 3 scrolls of blinking
 i - 5 scrolls of vulnerability
 l - 5 scrolls of fear
 o - 3 scrolls of torment
 p - 6 scrolls of immolation
 w - 5 scrolls of poison
 z - 12 scrolls of teleportation
 G - a scroll of noise {unknown}
 R - 2 scrolls of silence
 Z - a scroll of magic mapping {unknown}
Potions
 c - a potion of might
 g - 4 potions of invisibility
 h - a potion of resistance
 j - a potion of heal wounds
 k - 8 potions of curing
 m - 2 potions of lignification
 n - 7 potions of haste
 r - 2 potions of cancellation
 H - 2 potions of flight
 I - 4 potions of attraction
 J - a potion of berserk rage
 M - 2 potions of brilliance
Miscellaneous
 u - a condenser vane
 x - a phantom mirror
 B - a box of beasts
 U - a lightning rod (4/4)


   Skills:
 + Level 11.5 Fighting
 - Level 9.9 Dodging
 + Level 12.5 Shields
 * Level 18.4 Unarmed Combat


You had 14 spell levels left.
You didn't know any spells.
Your spell library contained the following spells:

 Spells                   Type           Power      Damage    Failure   Level
 Foxfire                  Conj/Fire      0%         2x1d4     54%         1
 Shock                    Conj/Air       0%         1d3       54%         1
 Slow                     Hex            0%         N/A       54%         1
 Cigotuvi's Dreadful Rot  Necr/Pois/Air  0%         N/A       67%         2
 Scorch                   Fire           0%         2d5       67%         2
 Confusing Touch          Hex            0%         N/A       88%         3
 Frozen Ramparts          Ice            0%         1d1       88%         3
 Ignite Poison            Fire/Tmut/Pois 0%         N/A       88%         3
 Swiftness                Air            0%         N/A       88%         3
 Tukima's Dance           Hex            0%         N/A       88%         3
 Vampiric Draining        Necr           0%         2d6       88%         3
 Airstrike                Air            0%         2d(0-16)  99%         4
 Anguish                  Hex/Necr       0%         N/A       99%         4
 Cause Fear               Hex            0%         N/A       99%         4
 Flame Wave               Conj/Fire      0%         2d4       99%         4
 Ice Form                 Ice/Tmut       0%         N/A       99%         4
 Passage of Golubria      Tloc           0%         N/A       99%         4
 Sticky Flame             Conj/Fire      0%         2d3       99%         4
 Summon Ice Beast         Ice/Summ       0%         N/A       99%         4
 Fireball                 Conj/Fire      0%         3d3       100%        5
 Freezing Cloud           Conj/Ice/Air   0%         6-21      100%        5
 Silence                  Hex/Air        0%         N/A       100%        5
 Yara's Violent Unravell  Hex/Tmut       0%         3d3       100%        5
 Plasma Beam              Fire/Air       0%         2x1d11    100%        6
 Starburst                Conj/Fire      0%         6d3       100%        6
 Summon Cactus Giant      Summ           0%         N/A       100%        6
 Dragon Form              Tmut           0%         N/A       100%        7
 Enfeeble                 Hex            0%         N/A       100%        7
 Ignition                 Fire           0%         3d3       100%        8
 Lehudib's Crystal Spear  Conj/Erth      0%         10d2      100%        8
 Dragon's Call            Summ           0%         N/A       100%        9


Dungeon Overview and Level Annotations

Branches:
Dungeon (12/15)            Temple (1/1) D:4            Lair (5/5) D:11
  Swamp (0/4) Lair:2        Snake (2/4) Lair:3        Slime (0/5) Lair:5
    Orc (2/2) D:12            Elf (0/3) Orc:2         Sewer (visited)
Volcano (visited)         Gauntlet (visited)

Altars:
Ashenzari
Cheibriados
Dithmenos
Elyvilon
Fedhas
Gozag
Hepliaklqana
Kikubaaqudgha
Makhleb
Nemelex Xobeh
Okawaru
Qazlal
Ru
Sif Muna
Trog
Uskayaw
Vehumet
Wu Jian
Xom
Yredelemnul
Zin
The Shining One

Shops:
D:10 ?   Orc:2 **([[   Snake:1 *[


Innate Abilities, Weirdness & Mutations

You are too large for most types of armour.
You have claws for hands.
Your natural rate of healing is unusually fast.
You are covered in fur. (AC +1)
You have tough skin. (AC +1)


Message History

* * * LOW HITPOINT WARNING * * *
The shock serpent bites you but does no damage.
The naga warrior hits you with a +0 glaive!
* * * LOW HITPOINT WARNING * * *
The naga warrior constricts you.
* * * LOW HITPOINT WARNING * * *
You feel much better. The shock serpent bites you!
* * * LOW HITPOINT WARNING * * *
The shock serpent shocks you!
* * * LOW HITPOINT WARNING * * *
The shock serpent bites you!
* * * LOW HITPOINT WARNING * * *
The shock serpent shocks you!
* * * LOW HITPOINT WARNING * * *
The naga warrior closely misses you. The naga warrior constricts you.
* * * LOW HITPOINT WARNING * * *
Okay, then.
Blink to where?
Press: ? - help, Dir - move target You escape the naga warrior's grasp.
As you read the scroll of blinking, it crumbles to dust.
Throw: 19 boomerangs
Press: ? - help, Q - select action, (/) - cycle Shift-Dir - straight line, f - shock serpent
Aim: a shock serpent (severely wounded, 44% to hit)
You throw a boomerang.
The boomerang barely misses the shock serpent.
Okay, then.
The shock serpent shoots out a bolt of lightning at you!
The bolt of electricity misses you.
You see here a +0 hand axe.
Throw: 19 boomerangs
Press: ? - help, Q - select action, (/) - cycle Shift-Dir - straight line, f/p - shock serpent
Aim: a shock serpent (severely wounded, 44% to hit)
Okay, then.
You lunge at the shock serpent.
You miss the shock serpent.
The shock serpent is severely wounded.
The shock serpent bites you!
* * * LOW HITPOINT WARNING * * *
The shock serpent shocks you!
You die...

#.#.# #.#.#
##################.#.#
.........NS).....#.#.#
#≈≈≈######.#####.#.#.##
#≈∩≈######.# #.#....#
.≈.≈.....#.# #.#.####
.≈.≈####.#.# #S#....#
.≈.≈# #.#.# #@#..###
.≈.≈# #.#.# #)#..#
.≈.≈# #.#.# #.#..#
.≈.≈# #.#.# #.#..#
.≈.≈####.#.#####.#..#
....##...........#..#
######.#.#.#######..#
'....#.#.#.#######..#
####.#.#............#


You could see a shock serpent.

Vanquished Creatures
  Jorgrun (D:12)
  Rupert (D:12)
  Gastronok (Lair:2)
  A minotaur (Gauntlet)
  A fire dragon (Volcano)
  Harold (Lair:2)
  Fannar (Lair:2)
  4 hydras
  4 ogre magi (Orc:2)
  3 catoblepae (Lair:5)
  18 two-headed ogres
  A naga warrior (Snake:1)
  A boulder beetle (Lair:2)
  12 death yaks
  An orc high priest (D:12)
  A tengu warrior (D:12)
  A naga sharpshooter (Snake:1)
  A skyshark (Lair:3)
  9 sea snakes (Snake:1)
  An orc sorcerer (Orc:1)
  4 salamanders
  A mana viper (Snake:1)
  An oklob plant (D:11)
  An ugly thing (D:12)
  5 manticores
  9 black mambas
  A rust devil (Gauntlet)
  5 elephants (Lair:4)
  2 torpor snails (Lair:5)
  3 naga magi (Snake:1)
  A hellion (Gauntlet)
  An eye of devastation (Gauntlet)
  An unseen horror (D:12)
  12 komodo dragons
  11 cane toads
  7 rime drakes
  2 tengu conjurers (D:12)
  3 trolls
  2 polar bears
  3 hornets
  10 blink frogs
  Sigmund (D:4)
  A spriggan (Lair:5)
  16 wyverns
  A shadow (D:12)
  2 wraiths
  78 yaks
  Eustachio (D:6)
  A ynoxinul (Gauntlet)
  8 fire bats (Volcano)
  3 steam dragons (Volcano)
  9 basilisks
  3 vampire mosquitoes (D:11)
  4 wargs (Orc:2)
  3 acid dragons (D:11)
  Edmund (D:4)
  3 swamp worms (Lair:2)
  4 nagas (Snake:1)
  2 hell hounds (Gauntlet)
  7 water moccasins
  A floating eye (Gauntlet)
  Pargi (Sewer)
  19 orc warriors
  A black bear (D:6)
  2 ice beasts
  31 ogres
  14 wolves (Lair:1)
  4 centaurs
  A phantom (D:6)
  A kobold brigand (D:6)
  15 bullfrogs
  2 scorpions (D:5)
  4 wights (D:10)
  9 howler monkeys
  10 killer bees
  11 electric eels
  3 jellies
  2 hounds
  4 iron imps (Gauntlet)
  10 orc priests
  5 iguanas
  3 gnoll boudas
  3 hell rats (Lair:5)
  25 orc wizards
  3 sleepcaps
  20 gnolls
  5 adders
  A shadow imp (D:7)
  2 white imps (D:7)
  2 ufetubi
  2 worms (D:3)
  A dart slug (D:3)
  72 orcs
  8 ball pythons
  3 bats
  9 endoplasms
  6 giant cockroaches
  8 hobgoblins
  4 jackals
  4 quokkas
  6 frilled lizards
  11 goblins
  12 kobolds
  7 rats
  A bush (Lair:5)
665 creatures vanquished.

Vanquished Creatures (others)
  A deep elf pyromancer (D:12)
  An orc (Orc:1)
  6 fungi
  38 plants
46 creatures vanquished.

Grand Total: 711 creatures vanquished

Notes
Turn   | Place    | Note
-------+----------+-------------------------------------------
     0 | D:1      | lesbiats the Troll Fighter began the quest for the Orb.
     0 | D:1      | Reached XP level 1. HP: 22/22 MP: 0/0
   188 | D:1      | Reached XP level 2. HP: 29/29 MP: 1/1
   447 | D:1      | Found a faded altar of an unknown god.
   917 | D:2      | Reached XP level 3. HP: 36/36 MP: 2/2
   918 | D:2      | Found an ancient bone altar of Kikubaaqudgha.
   976 | D:2      | Reached skill level 3 in Unarmed Combat
  1225 | D:3      | Found a bloodstained altar of Trog.
  1225 | D:3      | Found an iron altar of Okawaru.
  1332 | D:3      | Reached XP level 4. HP: 40/44 MP: 3/3
  1938 | D:4      | Found a hide-covered altar of Uskayaw.
  1997 | D:4      | Reached skill level 4 in Unarmed Combat
  1997 | D:4      | Reached XP level 5. HP: 36/53 MP: 4/4
  2020 | D:4      | Found a staircase to the Ecumenical Temple.
  2034 | D:4      | Noticed Edmund
  2047 | D:4      | Killed Edmund
  2048 | D:4      | Reached XP level 6. HP: 61/61 MP: 5/5
  2091 | D:4      | Found a glowing drain.
  2118 | Sewer    | Entered a sewer
  2156 | Sewer    | Noticed Pargi
  2175 | Sewer    | Killed Pargi
  2176 | Sewer    | Reached skill level 5 in Unarmed Combat
  2420 | D:4      | Noticed Sigmund
  2437 | D:4      | Killed Sigmund
  2438 | D:4      | Reached XP level 7. HP: 69/70 MP: 6/6
  2598 | D:4      | Reached skill level 6 in Unarmed Combat
  2970 | D:5      | Entered Level 5 of the Dungeon
  3061 | D:5      | Noticed a hornet
  3081 | D:4      | Paralysed by a hornet for 1 turns
  3083 | D:4      | Killed a hornet
  3287 | D:5      | Reached skill level 5 in Shields
  3287 | D:5      | Reached XP level 8. HP: 79/79 MP: 7/7
  3320 | D:5      | Reached skill level 7 in Unarmed Combat
  3403 | D:5      | Reached skill level 5 in Fighting
  3755 | D:5      | Reached skill level 8 in Unarmed Combat
  3791 | D:6      | Found a glowing golden altar of the Shining One.
  3818 | D:6      | Noticed Eustachio
  3834 | D:6      | Killed Eustachio
  3942 | D:6      | Reached XP level 9. HP: 88/88 MP: 8/8
  4529 | D:7      | Found a sparkling altar of Nemelex Xobeh.
  4607 | D:7      | Reached skill level 9 in Unarmed Combat
  5309 | Temple   | Entered the Ecumenical Temple
  5587 | D:8      | HP: 1/89 [hornet (12)]
  5587 | D:8      | Paralysed by a hornet for 1 turns
  5590 | D:8      | Reached skill level 10 in Unarmed Combat
  5680 | D:8      | Reached XP level 10. HP: 86/100 MP: 9/9
  5796 | D:8      | Found a blossoming altar of Fedhas.
  5796 | D:8      | Found a glowing silver altar of Zin.
  6185 | D:8      | Found an ornate altar of the Wu Jian Council.
  6249 | D:8      | Became a worshipper of the Wu Jian Council
  6843 | D:9      | Reached skill level 11 in Unarmed Combat
  6933 | D:9      | Identified the +0 buckler of the Dozen Scars {rF++}
  7017 | D:9      | Identified the +10 spear of Iconoclasm {freeze, Int+3}
  7129 | D:9      | Upgraded the game from 0.30-a0-1085-g990a428a5c to
                  | 0.30-a0-1094-g860fb061e7
  7180 | D:9      | Reached skill level 5 in Dodging
  7184 | D:9      | Reached * piety under Wu Jian
  7536 | D:10     | Entered Level 10 of the Dungeon
  7780 | D:10     | Noticed a two-headed ogre
  7795 | D:10     | Reached XP level 11. HP: 83/109 MP: 10/10
  7845 | D:10     | Killed a two-headed ogre
  7946 | D:10     | Found The Oracle's Delphic Readings.
  8008 | D:10     | Bought a scroll of teleportation for 45 gold pieces
  8008 | D:10     | Bought a scroll of poison for 60 gold pieces
  8008 | D:10     | Bought a scroll of identify for 30 gold pieces
  8008 | D:10     | Bought a scroll of immolation for 60 gold pieces
  8008 | D:10     | Bought a scroll of blinking for 112 gold pieces
  8316 | D:11     | Reached skill level 12 in Unarmed Combat
  8358 | D:11     | Reached ** piety under Wu Jian
  8434 | D:11     | Found a staircase to the Lair.
  8486 | D:11     | Noticed a two-headed ogre
  8488 | D:11     | Noticed an oklob plant
  8498 | D:11     | Killed a two-headed ogre
  8600 | D:11     | Found a gate leading to a gauntlet.
  8613 | Gauntlet | Entered a Gauntlet
  8613 | Gauntlet | Found a transporter.
  8613 | Gauntlet | Found a transporter.
  8613 | Gauntlet | Found a transporter.
  8714 | Gauntlet | Found a transporter.
  8719 | Gauntlet | Found a transporter.
  8724 | Gauntlet | Found a transporter.
  8725 | Gauntlet | Found a transporter.
  8727 | Gauntlet | Found a transporter.
  8728 | Gauntlet | Found a transporter.
  8728 | Gauntlet | Noticed a wizard
  8730 | Gauntlet | Found a transporter.
  8734 | Gauntlet | Found a runed translucent door.
  8738 | Gauntlet | Found a transporter.
  8740 | Gauntlet | Found a transporter.
  8940 | Gauntlet | Noticed a death yak
  8941 | Gauntlet | Noticed a death yak
  8942 | Gauntlet | Found a runed translucent door.
  8942 | Gauntlet | Noticed a death yak
  8943 | Gauntlet | Noticed a death yak
  8944 | Gauntlet | Noticed a death yak
  9075 | Gauntlet | Paralysed by a floating eye for 4 turns
  9148 | Gauntlet | Identified the ring of Visootit {rC- EV+5 Str+3 SInv}
  9200 | Gauntlet | Noticed a minotaur
  9212 | Gauntlet | Killed a minotaur
  9213 | Gauntlet | Reached skill level 13 in Unarmed Combat
  9278 | D:11     | Killed an oklob plant
  9702 | Lair:1   | Entered Level 1 of the Lair of Beasts
  9749 | Lair:1   | Reached XP level 12. HP: 119/119 MP: 11/11
  9785 | Lair:1   | Reached *** piety under Wu Jian
 10893 | Lair:2   | Noticed Gastronok
 10958 | Lair:2   | Reached skill level 14 in Unarmed Combat
 11034 | Lair:2   | Reached **** piety under Wu Jian
 11080 | Lair:2   | Noticed Harold
 11093 | Lair:2   | Killed Harold
 11289 | Lair:2   | Found a dark tunnel.
 11299 | Volcano  | Entered a volcano
 11332 | Volcano  | Noticed a two-headed ogre
 11337 | Volcano  | Killed a two-headed ogre
 11413 | Volcano  | Noticed a two-headed ogre
 11433 | Volcano  | Killed a two-headed ogre
 11434 | Volcano  | Reached skill level 10 in Shields
 11434 | Volcano  | Reached XP level 13. HP: 66/131 MP: 12/12
 11616 | Volcano  | Noticed a fire dragon
 11627 | Volcano  | Killed a fire dragon
 11904 | Lair:2   | Killed Gastronok
 11905 | Lair:2   | Reached skill level 15 in Unarmed Combat
 12046 | Lair:2   | Noticed Fannar
 12058 | Lair:2   | Killed Fannar
 12250 | Lair:2   | Found a staircase to the Swamp.
 12531 | Lair:2   | Identified the +6 hand axe of Death's Door {elec, +Blink
                  | rPois rCorr Str+3}
 13190 | Lair:3   | Reached ***** piety under Wu Jian
 13407 | Lair:3   | Found a staircase to the Snake Pit.
 14408 | Lair:5   | Entered Level 5 of the Lair of Beasts
 14430 | Lair:4   | Reached skill level 10 in Fighting
 14513 | Lair:5   | Reached skill level 16 in Unarmed Combat
 14557 | Lair:5   | Reached XP level 14. HP: 65/143 MP: 13/13
 14820 | Lair:5   | Identified the ring of Hikhlu {Will++ MP+9 Str+2 Dex+2}
 15027 | Lair:5   | Found a staircase to the Slime Pits.
 16304 | D:12     | Reached ****** piety under Wu Jian
 16322 | D:12     | Found a staircase to the Orcish Mines.
 16393 | D:12     | Noticed Jorgrun
 16772 | D:12     | Reached skill level 17 in Unarmed Combat
 16894 | D:12     | Noticed Rupert
 16910 | D:12     | Killed Rupert
 17173 | D:12     | Killed Jorgrun
 17349 | Orc:1    | Entered Level 1 of the Orcish Mines
 17985 | Orc:2    | Entered Level 2 of the Orcish Mines
 18170 | Orc:2    | Reached XP level 15. HP: 125/152 MP: 14/14
 18207 | Orc:2    | Found Daist's Assorted Antiques.
 18207 | Orc:2    | Found Dutochad's General Store.
 18208 | Orc:2    | Found Acropn's Weapon Emporium.
 18208 | Orc:2    | Found Nihoss's Armour Shop.
 18215 | Orc:2    | Bought a potion of berserk rage for 130 gold pieces
 18215 | Orc:2    | Bought a potion of brilliance for 104 gold pieces
 18313 | Orc:2    | Found a staircase to the Elven Halls.
 18348 | Orc:2    | Found Piruamo's Antique Armour Boutique.
 18948 | Orc:2    | Bought an ancient staff for 312 gold pieces
 18948 | Orc:2    | Identified the staff of conjuration "Jolel" {Will+} (You
                  | bought it in a shop on level 2 of the Orcish Mines)
 18949 | Orc:2    | Bought 2 scrolls of teleportation for 66 gold pieces
 18949 | Orc:2    | Bought a scroll of identify for 22 gold pieces
 18949 | Orc:2    | Bought a scroll of blinking for 82 gold pieces
 19036 | Orc:2    | Bought a glowing robe for 88 gold pieces
 19343 | Snake:1  | Entered Level 1 of the Snake Pit
 19352 | Snake:1  | Found Xuwe's Overcharged Wands.
 19483 | Snake:1  | Reached skill level 18 in Unarmed Combat
 19941 | Snake:1  | Found Vainogg's Armour Emporium.
 21042 | Snake:1  | HP: 3/154 [shock serpent (16)]
 21042 | Snake:1  | Mangled by a shock serpent

Illustrated notes

Levels and vault maps discovered:
D:1:      erik_arrival_blinker_ship, layout_loops_cross,
          shapermc_ecumenical_altar_petra
D:2:      layout_rooms, basic_altar, minmay_diced_spiral
D:3:      minmay_wonky_spiral, layout_rooms, grunt_temple_overflow_bloody_war,
          minmay_fractal_squares_5
D:4:      nicolae_BIG_FREAKIN_CUBE, layout_basic,
          mainiacjoe_overflow_six_doors_small, minmay_temple_entry_hall,
          portal_sewer_entry_c, sigmund_edmund_badplayer
D:5:      layout_basic, uniq_sigmund
D:6:      layout_gridville, nicolae_overflow_crystal_walls,
          grunt_decor_mini_mirrors, uniq_eustachio
D:7:      layout_basic, mainiacjoe_overflow_tiny_flanked
D:8:      layout_basic, pdpol_wu_jian_five_deadly_venoms,
          nicolae_overflow_squiral, special_room [special_room_orc]
D:9:      layout_loops_ring, kennysheep_generic_room_4
D:10:     layout_gridville, nicolae_nh_oracle_at_delphi
D:11:     layout_big_octagon, dpeg_oklobed_lair, gauntlet_entry_generic
D:12:     layout_loops_ring, erik_orc_3, uniq_rupert, uniq_jorgrun
Temple:   nicolae_temple_bog_church
Lair:1:   layout_cellular_growth
Lair:2:   layout_gridlike, palyth_hydra_swamp_entry,
          lightli_volcano_entry_magma_tube, chequers_serial_rivers_large_a,
          serial_bayou_shore_b, lemuel_fruit_fields, serial_bayou_shore_a,
          uniq_harold, uniq_gastronok, uniq_fannar
Lair:3:   gammafunk_indiana_jones, layout_misc_corridors, dummy_snake_entry,
          grunt_megastairs_1
Lair:4:   layout_roguey, infiniplex_staircase_pool, grunt_megastairs_4
Lair:5:   evilmike_catoblepas_cave, layout_misc_corridors, slime_entry_1,
          special_room [special_room_mythical_zoo],
          grunt_forest_large_clearing_hut
Snake:1:  layout_basic, serial_shops, nicolae_shop_peninsula,
          nicolae_snake_gridmaze_entwining, nicolae_shop_overcharged_wands
Snake:2:  layout_misc_corridors, nicolae_shop_gadgets, grunt_megastairs_5
Orc:1:    layout_caves, uniq_maurice
Orc:2:    st_orc_ogre_mass, layout_caves, basic_altar, serial_shops, shop

Skill      XL: |  1  2  3  4  5  6  7  8  9 10 11 12 13 14 15 |
---------------+----------------------------------------------+-----
Shields        | 3 4 5 6 7 8 10 11 12 | 12.5
Unarmed Combat | 3 4 5 6 8 10 11 13 14 16 17 18 | 18.4
Fighting       | 3 4 5 6 7 8 9 10 11 | 11.5
Dodging        | 3 5 6 7 8 9 |  9.9

Action                     |  1- 3 |  4- 6 |  7- 9 | 10-12 | 13-15 || total
---------------------------+-------+-------+-------+-------+-------++-------
  Melee: Unarmed           |    89 |   149 |   279 |   769 |  1029 ||  2315
  Throw: Boomerang         |     4 |       |       |    16 |    28 ||    48
         Dart              |       |     2 |     3 |     5 |     8 ||    18
         Javelin           |       |       |       |       |     2 ||     2
 Invoke: Heavenly Storm    |       |       |       |       |     2 ||     2
Ability: Lunge             |       |       |       |    34 |    60 ||    94
         Whirlwind         |       |       |       |   185 |   124 ||   309
  Evoke: Wand              |       |       |       |     3 |     6 ||     9
         Lightning rod     |       |       |       |       |     4 ||     4
    Use: Potion            |       |       |     3 |     3 |    12 ||    18
         Scroll            |       |       |     8 |    10 |    10 ||    28
   Stab: Sleeping          |     2 |     1 |       |       |       ||     3
         Distracted        |       |       |       |       |     2 ||     2
 Armour: Robe              |    20 |    23 |       |       |    56 ||    99
         Skin              |       |     5 |       |       |    41 ||    46
         Troll leather arm |       |     8 |    47 |   100 |    53 ||   208
  Dodge: Dodged            |    30 |    80 |   140 |   365 |   440 ||  1055
         Repelled          |       |     1 |       |     5 |     8 ||    14
  Block: Kite shield       |    27 |    64 |   107 |   308 |   394 ||   900

Table legend: (Time is in decaauts)
 A = Elapsed time spent in this place.
 B = Non-inter-level travel time spent in this place.
 C = Inter-level travel time spent in this place.
 D = Time resting spent in this place.
 E = Time spent auto-exploring this place.
 F = Levels seen in this place.
 G = Mean time per level.
                   A        B        C        D        E       F      G
               +--------+--------+--------+--------+--------+-----+--------+
         Total |  20889 |  17680 |   3209 |   1866 |   9940 |  25 |  835.6 |
       Dungeon |  10479 |   9190 |   1289 |    626 |   5779 |  12 |  873.2 |
        Temple |    155 |    134 |     21 |      0 |    122 |   1 |  155.0 |
          Lair |   6006 |   4425 |   1581 |    549 |   2213 |   5 | 1201.2 |
     Snake Pit |   1681 |   1617 |     64 |    491 |    864 |   2 |  840.5 |
  Orcish Mines |   1165 |    913 |    252 |      0 |    692 |   2 |  582.5 |
         Sewer |    212 |    212 |      0 |     10 |     56 |   1 |  212.0 |
       Volcano |    570 |    570 |      0 |     90 |    214 |   1 |  570.0 |
      Gauntlet |    618 |    618 |      0 |    100 |      0 |   1 |  618.0 |
               +--------+--------+--------+--------+--------+-----+--------+

Top non-repeatable levels by time:
 Snake:1: 1672 daAuts
  Lair:1: 1572 daAuts
    D:12: 1444 daAuts
  Lair:2: 1441 daAuts
  Lair:5: 1423 daAuts
     D:8: 1221 daAuts
     D:4: 1125 daAuts
    D:11: 1077 daAuts
     D:6: 876 daAuts
  Lair:4: 872 daAuts
   Orc:2: 808 daAuts
     D:3: 781 daAuts
    D:10: 764 daAuts
     D:7: 736 daAuts
     D:9: 734 daAuts
